 Dungeon Crawl Stone Soup version 0.20.1-1-g8b1a95d (webtiles) character file.

128576 vimrick the Gelid (level 17, -7/145 HPs)
             Began as a Ghoul Wizard on Sept 19, 2017.
             Was the Champion of Vehumet.
             Shot with an arrow by a deep elf archer (24 damage)
             ... on level 3 of the Elven Halls on Sept 21, 2017.
             The game lasted 04:05:25 (42893 turns).

vimrick the Gelid (Ghoul Wizard)                   Turns: 42893, Time: 04:05:25

Health: -7/145     AC: 11    Str: 18    XL:     17   Next: 3%
Magic:  25/37      EV: 15    Int: 23    God:    Vehumet [******]
Gold:   3159       SH:  5    Dex:  7    Spells: 4/32 levels left

rFire    + . .     SeeInvis .   y - +6 hand axe "Gekhew" {venom, Fragile rElec rF+ MR+ Stlth+}
rCold    + . .     Gourm    .   (no shield)
rNeg     + + +     Faith    .   c - +2 robe {MR+}
rPois    ∞         Spirit   .   i - +2 helmet {Int+3}
rElec    +         Reflect  +   C - +0 cloak of Death Resistance {rN+ Regen+ Int+2}
rCorr    .         Harm     .   a - +1 pair of gloves
MR       ++++.                  E - +0 pair of boots
Stlth    +++.......             P - +5 amulet of reflection
Regen    0.0/turn               U - ring of magical power
MPRegen  0.3/turn               W - ring of protection from magic

@: mighty, rotting
A: rotting body, claws 1, carnivore 3, cold resistance 1, negative energy
resistance 3, inhibited regeneration, torment resistance, unbreathing
a: Renounce Religion


You were on level 3 of the Elven Halls.
You worshipped Vehumet.
Vehumet was exalted by your worship.
You were near starving.

You visited 5 branches of the dungeon, and saw 27 of its levels.
You also visited: Labyrinth, Ossuary and Volcano.

You collected 4080 gold pieces.
You spent 921 gold pieces at shops.

Inventory:

Hand Weapons
 l - a +0 hunting sling
 y - the +6 hand axe "Gekhew" (weapon) {venom, Fragile rElec rF+ MR+ Stlth+}
   (You found it on level 5 of the Lair of Beasts)

   It poisons the flesh of those it strikes.
   It protects you from fire.
   It insulates you from electricity.
   It affects your resistance to hostile enchantments.
   It will be destroyed if unequipped.
   It makes you more stealthy.
Missiles
 k - 388 sling bullets
 S - 17 javelins (quivered)
Armour
 a - a +1 pair of gloves (worn)
 c - a +2 robe of magic resistance (worn)
 i - a +2 helmet of intelligence (worn)
 v - a +3 leather armour of fire resistance
 C - the +0 cloak of Death Resistance (worn) {rN+ Regen+ Int+2}
   (You found it on level 4 of the Dungeon)

   It affects your intelligence (+2).
   It protects you from negative energy.
   It increases your rate of regeneration.
 E - a +0 pair of boots (worn)
Jewellery
 G - an uncursed ring of fire
 P - a +5 amulet of reflection (around neck)
 U - a ring of magical power (left hand)
 W - a ring of protection from magic (right hand)
 Z - a +6 ring of slaying
Wands
 m - a wand of acid (5/15)
 s - a wand of disintegration (8/24)
 w - a wand of lightning (5/15)
 I - a wand of confusion (2/48)
 L - a wand of iceblast (1/15)
 N - a wand of clouds (4/9)
 T - a wand of scattershot (4/9)
Scrolls
 b - a scroll of magic mapping
 f - 6 scrolls of teleportation
 g - 2 scrolls of amnesia
 n - 4 scrolls of immolation
 p - 4 scrolls of fog
 q - 4 scrolls of remove curse
 t - 3 scrolls of fear
 H - 3 scrolls of identify
 Q - a scroll of blinking
 V - 3 scrolls of recharging
 X - a scroll of summoning
 Y - a scroll of enchant armour
Potions
 h - 11 potions of curing
 u - 4 potions of brilliance
 x - 5 potions of flight
 z - 3 potions of haste
 B - 2 potions of resistance
 D - 3 potions of cancellation
 F - a potion of ambrosia
 K - 2 potions of heal wounds
 M - 2 potions of agility
 O - 2 potions of invisibility
Miscellaneous
 J - a lamp of fire
Comestibles
 d - 8 meat rations
 o - 9 royal jellies


   Skills:
 - Level 11.6 Fighting
 - Level 10.3(10.4) Axes
   Level 2.1(6.9) Maces & Flails
 - Level 2.3 Armour
 - Level 9.1 Dodging
 - Level 2.1 Stealth
 - Level 8.4 Spellcasting
 + Level 13.7 Conjurations
   Level 0.8 Summonings
 - Level 0.8 Translocations
 + Level 15.7 Ice Magic


You had 4 spell levels left.
You knew the following spells:

 Your Spells              Type           Power        Failure   Level  Hunger
a - Magic Dart            Conj           ####         0%          1    None
b - Blink                 Tloc           N/A          7%          2    None
c - Mephitic Cloud        Conj/Pois/Air  ####....     1%          3    None
d - Conjure Flame         Conj/Fire      #####...     1%          3    None
e - Bolt of Cold          Conj/Ice       ######....   1%          6    ######.
f - Orb of Destruction    Conj           ######....   5%          7    #######
g - Freezing Cloud        Conj/Ice/Air   ######....   4%          6    ######.


Dungeon Overview and Level Annotations

Branches:
Dungeon (15/15)            Temple (1/1) D:7            Lair (6/6) D:11
  Swamp (0/4) Lair:2       Spider (0/4) Lair:2        Slime (0/5) Lair:5
    Orc (2/2) D:9             Elf (3/3) Orc:2        Vaults (0/5) D:13
 Depths (0/5) D:15

Altars:
Ashenzari
Cheibriados
Dithmenos
Elyvilon
Fedhas
Gozag
Hepliaklqana
Kikubaaqudgha
Makhleb
Nemelex Xobeh
Okawaru
Qazlal
Ru
Sif Muna
Trog
Uskayaw
Vehumet
Xom
Yredelemnul
Zin
The Shining One
Beogh

Shops:
D:6 =%??   Orc:1 *   Orc:2 ((*!   Elf:2 [

Annotations:
D:5 2 transporters
D:6 exclusion: 2 doors
D:8 exclusion: downstairs
D:11 exclusion: downstairs
D:13 exclusion: upstairs
D:14 exclusion: upstairs
Orc:1 2 runed doors, exclusion: orange crystal statue
Elf:2 5 runed doors


Innate Abilities, Weirdness & Mutations

Your body is rotting away.
You thrive on raw meat.
You are immune to poison.
You have sharp fingernails.
You are carnivorous and can eat meat at any time.
Your flesh is cold resistant. (rC+)
You are immune to negative energy. (rN+++)
You do not regenerate when monsters are visible.
You are immune to unholy pain and torment.
You can survive without breathing.


Message History

The deep elf blademaster hits you with a rapier.
The deep elf blademaster hits you but does no damage.
You completely miss the deep elf blademaster.
The deep elf blademaster is almost dead.
The deep elf blademaster hits you but does no damage.
The deep elf blademaster hits you with a rapier!
* * * LOW HITPOINT WARNING * * *
The deep elf archer shoots an arrow.
The arrow hits you!!
* * * LOW HITPOINT WARNING * * *
The deep elf blademaster hits you with a rapier.
* * * LOW HITPOINT WARNING * * *
The deep elf blademaster hits you but does no damage.
Casting: Blink
Confirm with . or Enter, or press ? or * to list all spells.
You blink.
The deep elf archer shoots an arrow.
You reflect the arrow off an invisible shield around you!
The arrow is repelled.
Magic courses through your body.
The deep elf archer shoots an arrow.
The arrow hits you!!
You die...

#...#[.....#.........+
#...#......#..[.(....#
#..#.....)..[......%##
#..#.........)..%..##
#..#......<(......##
##..........(...'##
####.....%......#
##.........).#
##...@.#.##[##
##...####[[.#
####...###..).# .
#....e....#..## ..
#............# ...
#.........##.# ...#
####(.e#####.. ...#
#..(# #.##....# #...#
#...e...#


You could see a deep elf blademaster and a deep elf archer.

Vanquished Creatures
  A deep elf elementalist (Elf:3)
  Nessos (Lair:4)
  4 deep elf demonologists
  A deep elf death mage (Elf:1)
  A minotaur (Lab)
  3 ogre magi
  Erolcha (D:9)
  A deep elf high priest (Elf:1)
  A vault guard (D:13)
  Fannar (Lair:2)
  6 hydras
  3 catoblepae (Lair:6)
  13 two-headed ogres
  8 dancing weapons
  4 death yaks (Lair:6)
  Urug (D:15)
  A tengu warrior (D:13)
  A sun demon (Volcano)
  7 deep elf knights
  A hell knight (D:15)
  An iron troll (Orc:1)
  A deep troll (shapeshifter) (D:15)
  A deep troll (Orc:2)
  4 unseen horrors
  16 deep elf archers
  4 necromancers (Elf:1)
  Pikel (D:9)
  An obsidian statue (Volcano)
  A wolf spider zombie (D:12)
  5 orc knights
  35 deep elf magi
  An ugly thing (D:13)
  6 orc sorcerers
  8 cyclopes
  3 manticores
  5 elephants
  Joseph (D:9)
  Maurice (D:8)
  6 black mambas
  A torpor snail (Lair:6)
  2 kobold demonologists
  A gargoyle (D:13)
  15 spiny frogs
  3 komodo dragons
  4 rime drakes
  A yaktaur (D:15)
  A red devil (Volcano)
  A harpy zombie (D:14)
  A tengu conjurer (D:15)
  A hornet (Lair:4)
  A queen bee (D:9)
  11 trolls
  8 blink frogs
  12 hippogriffs
  3 air elementals
  A water elemental (Elf:1)
  A redback (shapeshifter) (D:13)
  A spriggan (D:8)
  A wraith (D:13)
  52 yaks
  3 wyverns
  3 large abominations (Elf:1)
  A hog (shapeshifter) (Elf:1)
  2 fire elementals (Elf:1)
  7 fire bats (Volcano)
  4 hungry ghosts (Lab)
  3 basilisks
  3 vampire mosquitoes (D:12)
  14 swamp worms
  3 wargs
  An acid dragon (D:12)
  12 water moccasins
  2 hell hounds (Volcano)
  11 porcupines
  A hornet zombie (D:13)
  4 ice beasts
  33 orc warriors
  A black bear (D:8)
  4 sky beasts
  5 phantoms
  30 ogres
  4 slaves
  A necrophage (D:6)
  12 wolves
  6 centaurs
  10 crocodiles
  2 elf zombies (Elf:1)
  3 big kobolds
  19 bullfrogs
  3 earth elementals
  7 scorpions
  27 killer bees
  7 wights
  11 howler monkeys
  An electric eel (Lair:2)
  8 lava snakes (Volcano)
  9 crimson imps
  3 bullfrog zombies
  4 centaur zombies
  8 orc priests
  12 hounds
  4 bullfrog skeletons
  4 centaur skeletons
  8 jellies
  5 iguanas
  32 orc wizards
  11 worker ants
  2 killer bee zombies
  A hound skeleton (D:8)
  A mummy (D:4)
  8 gnolls
  A howler monkey zombie (D:10)
  11 adders
  10 shadow imps
  5 adder zombies
  15 worms
  2 dart slugs
  7 leopard geckos
  108 orcs
  3 ball pythons
  9 giant cockroaches
  7 goblins
  3 hobgoblins
  6 quokkas
  11 bats
  7 frilled lizards
  18 kobolds
  A kobold zombie (D:4)
  A leopard gecko skeleton (D:8)
  An orc zombie (D:4)
  A quokka zombie (D:8)
  6 rats
  6 fungi
  7 plants
  A toadstool (D:1)
910 creatures vanquished.

Vanquished Creatures (collateral kills)
  3 killer bees (D:9)
  A plant (D:9)
4 creatures vanquished.

Vanquished Creatures (others)
  A centaur warrior (D:14)
  A deep elf knight (Elf:2)
  3 bushes (Lair:6)
  7 fungi
  27 plants
  3 toadstools (D:1)
42 creatures vanquished.

Grand Total: 956 creatures vanquished

Notes
Turn   | Place    | Note
-------+----------+-------------------------------------------
     0 | D:1      | vimrick the Ghoul Wizard began the quest for the Orb.
     0 | D:1      | Reached XP level 1. HP: 14/14 MP: 3/3
    64 | D:1      | Reached skill level 1 in Conjurations
   650 | D:1      | Reached XP level 2. HP: 19/20 MP: 1/4
  1049 | D:1      | Learned a level 2 spell: Blink
  1483 | D:2      | Found an ancient bone altar of Kikubaaqudgha.
  1565 | D:2      | Reached XP level 3. HP: 26/26 MP: 3/6
  2115 | D:2      | Learned a level 3 spell: Mephitic Cloud
  2964 | D:2      | Found a shadowy altar of Dithmenos.
  2964 | D:2      | Found a shattered altar of Ashenzari.
  4125 | D:3      | Reached XP level 4. HP: 30/30 MP: 4/7
  4177 | D:3      | Noticed a bullfrog
  4208 | D:3      | Killed a bullfrog
  4208 | D:3      | Reached skill level 1 in Maces & Flails
  4208 | D:3      | Reached XP level 5. HP: 23/35 MP: 1/8
  4981 | D:3      | Learned a level 3 spell: Conjure Flame
  5749 | D:4      | Found a sand-covered staircase.
  5786 | D:4      | Got a brightly glowing cloak
  5803 | D:4      | Identified the +0 cloak of Death Resistance {rN+ Regen+ Int+2} (You found it on level 4 of the Dungeon)
  5816 | Ossuary  | Entered an ossuary
  5816 | Ossuary  | Noticed coier's ghost (amateur DEFE)
  5953 | D:4      | Reached XP level 6. HP: 44/44 MP: 0/9
  7001 | D:5      | Entered Level 5 of the Dungeon
  7044 | D:5      | Noticed a phantom
  7200 | D:5      | Killed a phantom
  7200 | D:5      | Reached skill level 5 in Conjurations
  7200 | D:5      | Reached XP level 7. HP: 37/50 MP: 3/10
  8015 | D:5      | Found a shadowy altar of Dithmenos.
  8058 | D:5      | Found a transporter.
  8062 | D:5      | Found a transporter.
  8510 | D:6      | Found Joesaubb's Food Shoppe.
  8511 | D:6      | Found Erhop's Jewellery Emporium.
  8598 | D:6      | Reached XP level 8. HP: 56/57 MP: 2/11
  8736 | D:6      | Found Kameawae's Magic Scroll Shoppe.
  9672 | D:6      | Found Firphaxt's Magic Scroll Emporium.
  9880 | D:7      | Got a fine hand axe
  9881 | D:7      | Identified the +5 hand axe "Eviscerator" {flame, rC++ Str-4} (You found it on level 7 of the Dungeon)
  9932 | D:7      | Reached skill level 1 in Fighting
 10417 | D:7      | Reached XP level 9. HP: 50/73 MP: 3/12
 10558 | D:7      | Found a staircase to the Ecumenical Temple.
 10563 | Temple   | Entered the Ecumenical Temple
 10685 | Temple   | Became a worshipper of Vehumet
 10929 | D:7      | Reached skill level 5 in Fighting
 11680 | D:8      | Found a bloodstained altar of Trog.
 12780 | D:8      | Found a snail-covered altar of Cheibriados.
 12904 | D:9      | Noticed a two-headed ogre
 13072 | D:9      | Noticed Maurice
 13096 | D:9      | Reached * piety under Vehumet
 13096 | D:9      | Offered knowledge of Flame Tongue by Vehumet.
 13427 | D:8      | Killed Maurice
 13477 | D:8      | Reached skill level 10 in Fighting
 13538 | D:8      | Reached XP level 10. HP: 44/92 MP: 6/13
 14564 | D:9      | Noticed Joseph
 14573 | D:9      | Found a white marble altar of Elyvilon.
 14748 | D:9      | Killed Joseph
 14960 | D:9      | Reached ** piety under Vehumet
 14960 | D:9      | Offered knowledge of Throw Flame by Vehumet.
 15298 | D:8      | Reached skill level 1 in Axes
 15488 | D:9      | Found a staircase to the Orcish Mines.
 17069 | D:9      | Found a roughly hewn altar of Beogh.
 17083 | D:9      | Offered knowledge of Dazzling Spray by Vehumet.
 17185 | D:9      | Noticed Erolcha
 17216 | D:9      | Noticed a kobold demonologist
 17220 | D:9      | Killed Erolcha
 17220 | D:9      | Reached XP level 11. HP: 95/103 MP: 6/14
 17226 | D:9      | Reached *** piety under Vehumet
 17383 | D:9      | Reached skill level 5 in Axes
 17624 | D:9      | Killed a two-headed ogre
 18048 | D:9      | Offered knowledge of Sticky Flame by Vehumet.
 18131 | D:10     | Entered Level 10 of the Dungeon
 18256 | D:10     | Reached skill level 10 in Conjurations
 18496 | D:10     | Reached **** piety under Vehumet
 18513 | D:10     | Offered knowledge of Force Lance by Vehumet.
 21267 | D:11     | Found a staircase to the Lair.
 21338 | D:11     | Reached XP level 12. HP: 103/110 MP: 15/15
 21379 | D:11     | Got an ominously black robe
 21405 | D:11     | Identified the +1 robe of Fortitude {rF+ rC- MR+} (You found it on level 11 of the Dungeon)
 21601 | D:11     | Reached ***** piety under Vehumet
 22095 | D:12     | Offered knowledge of Fulminant Prism by Vehumet.
 22157 | D:12     | You fall through a shaft for 3 floors!
 22157 | D:15     | Entered Level 15 of the Dungeon
 22163 | D:15     | Found a shattered altar of Ashenzari.
 22508 | D:14     | Noticed a centaur warrior
 22551 | D:14     | Killed a centaur warrior
 22896 | D:13     | Noticed a two-headed ogre
 23254 | D:14     | Got a crystal war axe {venom}
 23255 | D:14     | Identified the cursed +1 war axe of Purpose {venom, rN++ MP+9} (You took it off an orc warrior on level 14 of the Dungeon)
 23266 | D:14     | Got a sheer robe
 23270 | D:14     | Identified the cursed +1 robe of Somewhere Else {rElec} (You took it off an orc priest on level 14 of the Dungeon)
 23483 | D:13     | Noticed a two-headed ogre
 23487 | D:13     | Noticed a two-headed ogre
 23525 | D:13     | Killed a two-headed ogre
 23551 | D:13     | Killed a two-headed ogre
 23551 | D:13     | Reached skill level 5 in Dodging
 23551 | D:13     | Reached skill level 5 in Spellcasting
 23879 | D:13     | Killed a two-headed ogre
 23989 | D:13     | Found a gate to the Vaults.
 24074 | D:13     | Noticed a two-headed ogre
 24080 | D:13     | Noticed a vault guard
 24088 | D:13     | Killed a vault guard
 24385 | D:13     | Reached XP level 13. HP: 81/116 MP: 21/21
 25258 | D:9      | Noticed Pikel
 25270 | D:9      | Killed Pikel
 25304 | Orc:1    | Entered Level 1 of the Orcish Mines
 25511 | Orc:1    | Found a runed door.
 25741 | Orc:1    | Found a runed door.
 25783 | Orc:1    | Found Tocoal's General Store.
 25981 | Orc:1    | Bought a +1 helmet of intelligence for 198 gold pieces
 26025 | Orc:2    | Entered Level 2 of the Orcish Mines
 26896 | Orc:2    | Offered knowledge of Bolt of Cold by Vehumet.
 27068 | Orc:2    | Learned a level 6 spell: Bolt of Cold
 27069 | Orc:2    | Found a staircase to the Elven Halls.
 27174 | Orc:2    | Reached skill level 1 in Ice Magic
 27201 | Orc:2    | Reached skill level 2 in Ice Magic
 27292 | Orc:2    | Reached skill level 3 in Ice Magic
 27343 | Orc:2    | Reached skill level 4 in Ice Magic
 27558 | Orc:2    | Reached skill level 5 in Ice Magic
 27642 | Orc:2    | Noticed an ogre mage
 27686 | Orc:2    | Killed an ogre mage
 27733 | Orc:2    | Reached skill level 6 in Ice Magic
 27733 | Orc:2    | Reached XP level 14. HP: 23/124 MP: 12/25
 28032 | Orc:2    | Reached skill level 7 in Ice Magic
 28306 | Orc:2    | Reached skill level 8 in Ice Magic
 28371 | Orc:2    | Found Dukhleje's Assorted Antiques.
 28372 | Orc:2    | Found Vuosokufra's Antique Weapon Boutique.
 28377 | Orc:2    | Found Goceod's Distillery.
 28411 | Orc:2    | Found Waqoch's Antique Weapon Shop.
 28415 | Orc:2    | Bought a potion of heal wounds for 90 gold pieces
 28415 | Orc:2    | Bought a potion of heal wounds for 90 gold pieces
 28415 | Orc:2    | Bought a potion of heal wounds for 90 gold pieces
 28562 | Orc:2    | Found a deep blue altar of Sif Muna.
 28677 | Orc:2    | Identified Sif Muna's Collected Works on Beguiling
 28728 | Orc:1    | Reached ****** piety under Vehumet
 29138 | D:12     | Reached skill level 9 in Ice Magic
 29753 | D:15     | Found a staircase to the Depths.
 29773 | D:15     | Reached skill level 10 in Ice Magic
 30098 | D:15     | Noticed Urug
 30103 | D:15     | Killed Urug
 30702 | D:12     | Offered knowledge of Spellforged Servitor by Vehumet.
 30802 | Lair:1   | Entered Level 1 of the Lair of Beasts
 30804 | Lair:1   | Reached skill level 11 in Ice Magic
 31598 | Lair:1   | Reached skill level 1 in Armour
 31961 | Lair:2   | Got a crude robe
 31972 | Lair:2   | Identified the +2 robe of Autotheism {MP+9 Str+4} (You found it on level 2 of the Lair of Beasts)
 32123 | Lair:2   | Found a hole to the Spider Nest.
 32399 | Lair:2   | Noticed Fannar
 32419 | Lair:2   | Killed Fannar
 32710 | Lair:2   | Found a staircase to the Swamp.
 33295 | Lair:3   | Offered knowledge of Orb of Destruction by Vehumet.
 33304 | Lair:3   | Learned a level 7 spell: Orb of Destruction
 33488 | Lair:3   | Reached XP level 15. HP: 119/130 MP: 26/26
 34400 | Lair:4   | Noticed Nessos
 34407 | Lair:4   | Killed Nessos
 34407 | Lair:4   | Reached skill level 10 in Axes
 34470 | Lair:4   | Found a labyrinth entrance.
 34482 | Lab      | Entered a labyrinth
 34747 | Lab      | Identified the Collected Works on Snow and Clay
 34898 | Lair:4   | Identified the Volume of the Virous Frostbite
 34907 | Lair:4   | Learned a level 6 spell: Freezing Cloud
 35731 | Lair:5   | Found a dark tunnel.
 35738 | Volcano  | Entered a volcano
 35895 | Volcano  | Reached skill level 12 in Ice Magic
 36134 | Volcano  | Found a radiant altar of Vehumet.
 36688 | Lair:5   | Found a staircase to the Slime Pits.
 36880 | Lair:5   | Offered knowledge of Conjure Ball Lightning by Vehumet.
 37071 | Lair:5   | Got a bloodstained hand axe
 37072 | Lair:5   | Identified the +6 hand axe "Gekhew" {venom, Fragile rElec rF+ MR+ Stlth+} (You found it on level 5 of the Lair of Beasts)
 37631 | Lair:6   | Entered Level 6 of the Lair of Beasts
 38472 | Lair:6   | Reached skill level 13 in Ice Magic
 38687 | Lair:6   | Offered knowledge of Ozocubu's Refrigeration by Vehumet.
 39150 | Elf:1    | Entered Level 1 of the Elven Halls
 39210 | Elf:1    | Identified a scroll of acquirement
 39376 | Elf:1    | Reached XP level 16. HP: 135/138 MP: 15/27
 40146 | Elf:1    | Reached skill level 14 in Ice Magic
 40200 | Elf:1    | Identified the Compendium of Stolen Souls
 40969 | Elf:2    | Found Otip's Antique Armour Shoppe.
 40975 | Elf:2    | Found an ancient bone altar of Kikubaaqudgha.
 41072 | Elf:2    | Bought an embroidered cloak for 210 gold pieces
 41072 | Elf:2    | Bought a runed leather armour for 140 gold pieces
 41072 | Elf:2    | Bought an embroidered robe for 103 gold pieces
 41718 | Elf:2    | Reached skill level 15 in Ice Magic
 42086 | Elf:2    | Found a huge runed gate.
 42086 | Elf:2    | Found a huge runed gate.
 42086 | Elf:2    | Found a huge runed gate.
 42086 | Elf:2    | Found a huge runed gate.
 42086 | Elf:2    | Found a huge runed gate.
 42263 | Elf:2    | Offered knowledge of Iron Shot by Vehumet.
 42368 | Elf:3    | Entered Level 3 of the Elven Halls
 42701 | Elf:3    | Noticed an Executioner
 42703 | Elf:3    | Reached XP level 17. HP: 128/145 MP: 9/28
 42704 | Elf:3    | Noticed a deep elf blademaster
 42893 | Elf:3    | Shot with an arrow by a deep elf archer

Skill      XL: |  1  2  3  4  5  6  7  8  9 10 11 12 13 14 15 16 |
---------------+-------------------------------------------------+-----
Conjurations   | 1 2 3 4 5 7 8 9 10 12 13 | 13.7
Maces & Flails | 1 2 |  2.1
Fighting       | 4 10 11 | 11.6
Axes           | 4 7 9 10 | 10.3
Dodging        | 6 9 |  9.1
Spellcasting   | 6 8 |  8.4
Ice Magic      | 6 11 13 15 | 15.7
Armour         | 2 |  2.3
Stealth        | |  2.1
Summonings     | |  0.8
Translocations | |  0.8

Action                   |  1- 3 |  4- 6 |  7- 9 | 10-12 | 13-15 | 16-18 || total
-------------------------+-------+-------+-------+-------+-------+-------++-------
Melee: Unarmed           |    36 |       |       |       |       |       ||    36
       Whip              |    40 |   195 |   420 |   672 |       |       ||  1327
       Hand axe          |       |       |    12 |       |   114 |   201 ||   327
       Short sword       |       |       |    36 |   160 |       |       ||   196
       War axe           |       |       |       |    93 |   758 |       ||   851
 Fire: Hunting sling     |    10 |    38 |    14 |       |       |       ||    62
       Blowgun           |       |       |       |    22 |       |       ||    22
Throw: Stone             |       |    19 |    11 |     7 |     3 |       ||    40
       Throwing net      |       |     1 |       |       |       |       ||     1
 Cast: Magic Dart        |    82 |    57 |   197 |   144 |   196 |     1 ||   677
       Mephitic Cloud    |     3 |    19 |    39 |   160 |   104 |     1 ||   326
       Conjure Flame     |       |     5 |     7 |    21 |     3 |       ||    36
       Blink             |       |       |     4 |     5 |    13 |     4 ||    26
       Bolt of Cold      |       |       |       |       |   126 |    55 ||   181
       Freezing Cloud    |       |       |       |       |    18 |    26 ||    44
       Orb of Destructio |       |       |       |       |    12 |    22 ||    34
Evoke: Wand              |       |       |    11 |    12 |     5 |       ||    28
  Use: Potion            |     1 |     1 |       |     6 |     3 |     4 ||    15
       Scroll            |       |     8 |     6 |    19 |    16 |     2 ||    51
 Stab: Sleeping          |     2 |     1 |     1 |       |     3 |     1 ||     8
       Confused          |     1 |     2 |    11 |    34 |    22 |       ||    70
  Eat: Chunk             |    11 |    16 |    28 |    87 |   145 |    33 ||   320
       Meat ration       |       |       |     1 |       |     1 |     3 ||     5
Armor: Robe              |    20 |    29 |    90 |   143 |   230 |    45 ||   557
       Skin              |       |       |       |       |     1 |       ||     1
Dodge: Dodged            |    77 |   116 |   203 |   456 |   576 |   110 ||  1538
Block: Other             |       |       |       |    30 |   194 |    32 ||   256
       Reflection        |       |       |       |       |    11 |     4 ||    15
